 Dungeon Crawl Stone Soup version 0.30-a0-305-g026cb31310 (webtiles) character file.

Game seed: 16165376820090998137

5882 EdirashGloemor the Fighter (level 10, -6/83 HPs)
             Began as a Barachi Cinder Acolyte on Oct 23, 2022.
             Was an Elder of Ignis.
             Mangled by a meliai
             ... wielding a +0 war axe
              (13 damage)
             ... on level 9 of the Dungeon.
             The game lasted 00:42:49 (9502 turns).

EdirashGloemor the Fighter (Barachi Cinder Acolyte) Turns: 9502, Time: 00:42:49

Health: -6/83      AC:  9    Str: 17    XL:     10   Next: 82%
Magic:  17/20      EV: 15    Int: 21    God:    Ignis [****..]
Gold:   311        SH:  5    Dex:  7    Spells: 21/23 levels left

rFire   + + .      SeeInvis .    l - +2 mace (holy)
rCold   . . .      Faith    .    (no shield)
rNeg    . . .      Spirit   .    c - +3 leather armour {rF+} {rF+}
rPois   .          Reflect  +    n - +0 helmet of Zittuow {Harm Rampage Int+6 Dex-3}
rElec   .          Harm     +    (no cloak)
rCorr   +          Rampage  +    o - +0 pair of gloves
Will    .....                    (no boots)
Stlth   +.........               C - amulet of reflection {Reflect,SH+5}
HPRegen 0.33/turn                E - +4 ring of evasion
MPRegen 0.17/turn                i - ring "Unastu" {rCorr Slay+3}

@: lethally poisoned (-6 -> -32), unable to hop, slow
A: amphibious, slowness 1, strong legs 1, +LOS
a: Hop, Renounce Religion, Fiery Armour, Foxfire Swarm, Rising Flame


You were on level 9 of the Dungeon.
You worshipped Ignis.
Ignis was greatly pleased with you.
You visited 1 branch of the dungeon, and saw 9 of its levels.

You collected 676 gold pieces.
You spent 365 gold pieces at shops.


Innate Abilities, Weirdness & Mutations

You are amphibious.
You cover ground slowly.
You can hop short distances.
You have an extended range of vision and can be seen from far away.


   Skills:
 + Level 9.5 Fighting
 + Level 8.6 Maces & Flails
 - Level 8.0 Armour
 + Level 7.3 Spellcasting
 + Level 4.5 Hexes
 - Level 5.0 Fire Magic
 - Level 5.0 Ice Magic


You had 21 spell levels left.
You knew the following spells:

 Your Spells              Type           Power      Damage    Failure   Level
s - Scorch                Fire           56%        2d8       1%          2

Your spell library contained the following spells:

 Spells                   Type           Power      Damage    Failure   Level
 Sandblast                Erth           14%        2d6       10%         1
 Passwall                 Tmut/Erth      5%         N/A       16%         2
 Sublimation of Blood     Necr           7%         N/A       16%         2
 Wereblood                Tmut           7%         N/A       16%         2
 Stone Arrow              Conj/Erth      14%        3d7       30%         3
 Metabolic Englaciation   Hex/Ice        13%        N/A       36%         5
 Petrify                  Tmut/Erth      7%         N/A       69%         4
 Statue Form              Tmut/Erth      4%         N/A       100%        6
 Summon Hydra             Summ           3%         N/A       100%        7

Inventory:

Hand Weapons
 a - a -1 mace of flaming
 l - a +2 mace of holy wrath (weapon)
Missiles
 f - 13 poisoned darts (quivered)
 m - 11 boomerangs
 u - 2 javelins
 y - 5 boomerangs of dispersal
 Q - 81 stones
Armour
 c - a +3 leather armour of fire resistance (worn) {rF+}
 n - the +0 helmet of Zittuow (worn) {Harm Rampage Int+6 Dex-3}
   (You bought it in a shop on level 2 of the Dungeon)

   Int:       It affects your intelligence (+6).
   Dex:       It affects your dexterity (-3).
   Harm:      It increases damage dealt and taken.
   Rampage:   It bestows one free step when moving towards enemies.
 o - a +0 pair of gloves (worn)
Magical Staves
 s - a staff of poison {rPois, !a}
 z - a staff of air {rElec, !a}
Jewellery
 i - the ring "Unastu" (right hand) {rCorr Slay+3}
   (You acquired it on level 9 of the Dungeon)

   [ring of resist corrosion]

   Slay:      It affects your accuracy & damage with ranged weapons and melee
   (+3).
   rCorr:     It protects you from acid and corrosion.
 A - an amulet of the acrobat
 C - an amulet of reflection (around neck) {Reflect,SH+5}
 E - a +4 ring of evasion (left hand)
 G - an amulet of guardian spirit {Spirit}
 N - a ring of positive energy {rN+}
Wands
 v - a wand of flame (6)
 x - a wand of charming (5)
 H - a wand of quicksilver (4)
 I - a wand of roots (3)
Scrolls
 b - a scroll of butterflies {unknown}
 e - 3 scrolls of immolation {!r}
 g - a scroll of fear {!r}
 k - a scroll of poison {!r}
 p - a scroll of enchant weapon {unknown}
 t - 5 scrolls of teleportation
 B - a scroll of magic mapping {unknown}
 D - a scroll of enchant armour {unknown}
Potions
 d - a potion of heal wounds {unknown}
 h - 2 potions of attraction {unknown}
 j - 3 potions of might {unknown}
 q - 3 potions of curing {@q2}
 r - 2 potions of degeneration {unknown}
 w - a potion of lignification {unknown}
 F - a potion of brilliance {unknown}

Dungeon Overview and Level Annotations

Branches:
Dungeon (9/15) Zot: 26416  Temple (0/1) D:6            Lair (0/5) D:8
    Orc: D:9-12

Altars:
Cheibriados
Dithmenos
Fedhas
Gozag
Hepliaklqana
Makhleb
Nemelex Xobeh
Trog
Uskayaw
Zin

Shops:
D:1 [   D:2 [   D:6 ( D:9

* ######################
.................>...#
#....##.###.###########.#
###.#. #.# #.# #.#
#.##..##.###.### #.#
...##..........# #.#
.#..##.#.###@#.# #.#
###..##..###y#.# #.#
#:##.c##....W#.# #.#
..)##kD##..###.#########.#
..##.S##...###.........>.#
#8#..##..##.#########.####
#...##..##.## #.#
[..##..##..# #.#
#)##..##.#.# #.#


You could see a shadow and a meliai (combustible).


Message History

You are poisoned.
The meliai poisons you! The shadow hits you.
You take 36 damage, and have 45/83 hp.
MASSIVE DAMAGE!!
The shadow attacks as you move away! The shadow completely misses you.
You feel very sick. You block the meliai's attack.
The meliai completely misses you.
You take 6 damage, and have 39/83 hp.
You feel very sick. The meliai barely misses you.
The meliai stings you but does no damage.
The meliai barely misses you. The meliai closely misses you.
You take 3 damage, and have 36/83 hp.
You closely miss the meliai.
You feel very sick.
The meliai is no longer more vulnerable to fire.
The meliai completely misses you. The meliai stings you.
* * * LOW HITPOINT WARNING * * *
You are lethally poisoned!
The meliai poisons you! The meliai barely misses you. The meliai misses you.
You take 6 damage, and have 30/83 hp.
Flames lash the meliai.
The meliai's fire resistance burns away.
* * * LOW HITPOINT WARNING * * *
You feel extremely sick.
The meliai calls down the wrath of its god upon you.
Something smites you!
* * * LOW HITPOINT WARNING * * *
The meliai hits you with a +0 war axe!
You die...

Skill      XL: |  1  2  3  4  5  6  7  8  9 10 |
---------------+-------------------------------+-----
Armour         | 1 2 3 4 5 7 8 |  8.0
Fighting       | 4 5 7 8 9 |  9.5
Spellcasting   | 2 3 5 6 7 |  7.3
Maces & Flails | 4 5 6 7 8 |  8.6
Fire Magic     | 4 5 |  5.0
Ice Magic      | 3 5 |  5.0
Hexes          | 2 4 |  4.5

Action                   |  1- 3 |  4- 6 |  7- 9 | 10-12 || total
-------------------------+-------+-------+-------+-------++-------
Melee: Mace              |    95 |   107 |   248 |   136 ||   586
       Punch             |     1 |       |     4 |     3 ||     8
 Cast: Scorch            |     3 |    14 |    95 |    50 ||   162
Invok: Fiery Armour      |       |     1 |     2 |       ||     3
       Foxfire Swarm     |       |       |     1 |       ||     1
 Abil: Hop               |     1 |       |     4 |     2 ||     7
  Use: Scroll            |       |     1 |     5 |     4 ||    10
       Potion            |       |       |       |     1 ||     1
Armor: Robe              |    22 |    11 |       |       ||    33
       Ring mail         |       |    10 |    34 |       ||    44
       Leather armour    |       |       |    97 |    70 ||   167
Dodge: Dodged            |    58 |   108 |   323 |   137 ||   626
Block: Other             |       |       |    24 |    50 ||    74
       Reflection        |       |       |     1 |     1 ||     2

Levels and vault maps discovered:
D:1:      psy_arrival_conway, layout_basic, serial_shops, nicolae_shop_stone,
          serial_park_tiny_2
D:2:      cheibrodos_greedy_goblins, layout_basic, serial_shops,
          nicolae_square_shop
D:3:      layout_basic, fedhas_altar_3, serial_curves, eino_curves_03,
          eino_curves_03
D:4:      layout_basic, mainiacjoe_overflow_catwalk, serial_bayou_pond_d
D:5:      layout_basic, trog_ov_bears_minmay, uniq_eustachio, uniq_ijyb
D:6:      layout_rooms, nicolae_overflow_squiral,
          minmay_temple_entry_mini_moons, amethyst_killhole,
          nicolae_stop_n_shop_1
D:7:      layout_loops_corners, nicolae_gozag_seed_capital,
          nemelex_xobeh_ov_fountains_minmay, grunt_ministairs_8,
          minmay_misc_feat_iff
D:8:      layout_layer_cave, dancing_weapons_uskayaw,
          due_lair_maze_entry_diamond
D:9:      lemuel_slime, layout_loops_ring, bloody_makhleb,
          nicolae_yredelemnul_corpse_copse, zin_purify, xom_confusion_cloud,
          kennysheep_mini, minmay_diamond_spiral, uniq_maurice,
          uniq_prince_ribbit1

Notes
Turn   | Place    | Note
-------+----------+-------------------------------------------
     0 | D:1      | EdirashGloemor the Barachi Cinder Acolyte began the quest
                  | for the Orb.
     0 | D:1      | Reached XP level 1. HP: 18/18 MP: 2/2
   149 | D:1      | Reached XP level 2. HP: 22/25 MP: 3/3
   265 | D:1      | Reached skill level 1 in Armour
   306 | D:1      | Learned a level 2 spell: Scorch
   368 | D:1      | Reached XP level 3. HP: 27/30 MP: 5/5
   387 | D:1      | Found Amunk's Antique Armour Shoppe.
   620 | D:1      | Reached skill level 4 in Fighting
   907 | D:2      | Found Tyinn's Antique Armour Emporium.
  1053 | D:2      | Identified a +4 ring of evasion
  1143 | D:2      | Reached XP level 4. HP: 37/37 MP: 3/6
  1321 | D:2      | Reached skill level 2 in Spellcasting
  1831 | D:2      | Reached skill level 2 in Armour
  2407 | D:2      | Bought a brightly glowing helmet for 218 gold pieces
  2407 | D:2      | Identified the +0 helmet of Zittuow {Harm Rampage Int+6
                  | Dex-3} (You bought it in a shop on level 2 of the Dungeon)
  2780 | D:3      | Found a blossoming altar of Fedhas.
  2890 | D:3      | Reached XP level 5. HP: 35/43 MP: 8/8
  2903 | D:4      | Reached skill level 4 in Maces & Flails
  2903 | D:4      | Reached skill level 4 in Fire Magic
  2921 | D:4      | Noticed a black bear
  3214 | D:4      | Reached skill level 3 in Armour
  3214 | D:4      | Reached XP level 6. HP: 40/50 MP: 4/10
  3326 | D:4      | Killed a black bear
  3327 | D:4      | Reached skill level 5 in Fighting
  3327 | D:4      | Reached skill level 3 in Spellcasting
  3338 | D:4      | Identified an amulet of guardian spirit
  3354 | D:4      | Identified 4 scrolls of identify
  3354 | D:4      | Identified 2 scrolls of fear
  3365 | D:4      | Reached XP level 7. HP: 52/56 MP: 11/11
  3408 | D:4      | Found a shadowy altar of Dithmenos.
  3409 | D:4      | Identified 3 potions of curing
  3499 | D:4      | Identified the +12 hand axe of Corruption {flame, rCorr}
  3925 | D:1      | Bought a shiny ring mail for 147 gold pieces
  4028 | D:5      | Entered Level 5 of the Dungeon
  4039 | D:5      | Noticed Eustachio
  4056 | D:4      | Reached skill level 5 in Maces & Flails
  4056 | D:4      | Reached skill level 4 in Armour
  4056 | D:4      | Reached skill level 5 in Fire Magic
  4383 | D:5      | Reached XP level 8. HP: 57/64 MP: 11/13
  4395 | D:5      | Killed Eustachio
  4396 | D:5      | Reached skill level 6 in Fighting
  4396 | D:5      | Reached skill level 4 in Spellcasting
  4396 | D:5      | Reached skill level 1 in Ice Magic
  4412 | D:5      | Identified an amulet of the acrobat
  4442 | D:5      | Reached skill level 5 in Armour
  4442 | D:5      | Reached skill level 2 in Ice Magic
  4461 | D:5      | Noticed Ijyb
  4465 | D:5      | Killed Ijyb
  4561 | D:5      | Found a bloodstained altar of Trog.
  4632 | D:5      | Identified a scroll of blinking
  4633 | D:5      | Identified a scroll of poison
  4743 | D:6      | Found Harchei's Weapon Emporium.
  4824 | D:6      | Reached skill level 6 in Maces & Flails
  4833 | D:6      | Reached skill level 3 in Ice Magic
  5218 | D:5      | Reached skill level 7 in Fighting
  5218 | D:5      | Reached skill level 5 in Spellcasting
  5218 | D:5      | Reached XP level 9. HP: 34/72 MP: 10/16
  5557 | D:6      | Reached skill level 6 in Armour
  5696 | D:6      | Reached skill level 4 in Ice Magic
  5799 | D:6      | Found a staircase to the Ecumenical Temple.
  5918 | D:6      | Identified an amulet of reflection
  6053 | D:6      | Found a snail-covered altar of Cheibriados.
  6055 | D:6      | Found a hazy altar of Hepliaklqana.
  6280 | D:7      | Identified a ring of positive energy
  6377 | D:7      | Found an opulent altar of Gozag.
  6744 | D:7      | Reached skill level 7 in Maces & Flails
  6757 | D:7      | Found a sparkling altar of Nemelex Xobeh.
  6990 | D:7      | Reached skill level 5 in Ice Magic
  7147 | D:8      | Reached skill level 8 in Fighting
  7157 | D:8      | Reached skill level 7 in Armour
  7157 | D:8      | Reached skill level 1 in Hexes
  7158 | D:8      | Reached skill level 6 in Spellcasting
  7255 | D:8      | Noticed a komodo dragon
  7268 | D:8      | HP: 14/74 [komodo dragon (12)]
  7268 | D:8      | Noticed a hornet
  7636 | D:8      | Found a staircase to the Lair.
  7649 | D:8      | Reached skill level 2 in Hexes
  7649 | D:8      | Reached XP level 10. HP: 81/81 MP: 19/19
  7828 | D:8      | Reached skill level 3 in Hexes
  8042 | D:8      | Noticed a +0 hand axe
  8043 | D:8      | Noticed a +0 dagger
  8047 | D:8      | Found a hide-covered altar of Uskayaw.
  8176 | D:8      | Reached skill level 8 in Maces & Flails
  8284 | D:8      | Reached skill level 8 in Armour
  8323 | D:8      | HP: 16/82 [orc warrior/+0 flail (6)]
  8329 | D:8      | Reached skill level 9 in Fighting
  9009 | D:9      | Reached skill level 7 in Spellcasting
  9015 | D:9      | Noticed Prince Ribbit
  9022 | D:9      | Killed a two-headed ogre
  9026 | D:9      | Killed Prince Ribbit
  9027 | D:9      | Reached skill level 4 in Hexes
  9032 | D:9      | HP: 18/83 [unseen horror zombie (6)]
  9041 | D:9      | HP: 14/83 [howler monkey zombie (1)]
  9383 | D:9      | Found Zin's Purification Station.
  9384 | D:9      | Identified 5 scrolls of teleportation
  9385 | D:9      | Identified 3 scrolls of immolation
  9386 | D:9      | Identified a scroll of acquirement
  9390 | D:9      | Found a glowing silver altar of Zin.
  9399 | D:9      | Acquired the ring "Unastu" {rCorr Slay+3}
  9407 | D:9      | Found a burning altar of Makhleb.
  9492 | D:9      | Noticed a seven-headed hydra
  9495 | D:9      | Noticed a centaur warrior
  9502 | D:9      | HP: 7/83 [meliai/divine providence (15)]
  9502 | D:9      | Mangled by a meliai

Vanquished Creatures
  2 unseen horror zombies (D:9)
  A komodo dragon (D:8)
  A hornet (D:8)
  Prince Ribbit (D:9)
  A wyvern (D:8)
  Eustachio (D:5)
  A yak (D:8)
  3 water moccasins
  5 orc warriors
  An ice beast (D:7)
  7 black bears
  An ogre (D:5)
  2 centaurs
  3 phantoms
  A kobold brigand (D:8)
  5 bullfrogs
  5 necrophages
  3 scorpions
  9 killer bees
  3 howler monkeys
  4 centaur zombies (D:9)
  A gnoll bouda (D:6)
  3 hounds
  2 jellies
  3 orc priests
  3 iguanas
  6 orc wizards
  Ijyb (D:5)
  2 howler monkey zombies (D:9)
  9 gnolls
  6 adders
  2 worms (D:2)
  6 dart slugs
  34 orcs
  8 endoplasms
  7 giant cockroaches
  11 goblins
  11 hobgoblins
  4 jackals (D:1)
  7 kobolds
  3 quokkas
  6 ball pythons
  4 bats
  4 frilled lizards
  8 rats
211 creatures vanquished.

Vanquished Creatures (others)
  A two-headed ogre (D:9)
  A troll (D:9)
  An orc wizard (D:9)
  20 foxfires (D:5)
  36 fungi
  45 plants
104 creatures vanquished.

Grand Total: 315 creatures vanquished

Table legend: (Time is in decaauts)
 A = Elapsed time spent in this place.
 B = Non-inter-level travel time spent in this place.
 C = Inter-level travel time spent in this place.
 D = Time resting spent in this place.
 E = Time spent auto-exploring this place.
 F = Levels seen in this place.
 G = Mean time per level.
                   A        B        C        D        E       F      G
               +--------+--------+--------+--------+--------+-----+--------+
         Total |  10805 |   9689 |   1116 |   2148 |   5703 |   9 | 1200.6 |
       Dungeon |  10805 |   9689 |   1116 |   2148 |   5703 |   9 | 1200.6 |
               +--------+--------+--------+--------+--------+-----+--------+

Top non-repeatable levels by time:
     D:8: 1629 daAuts
     D:2: 1552 daAuts
     D:7: 1487 daAuts
     D:5: 1440 daAuts
     D:3: 1398 daAuts
     D:1: 1086 daAuts
     D:4: 861 daAuts
     D:6: 767 daAuts
     D:9: 582 daAuts

Table legend:
 A = Kills in this place as a percentage of kills in entire the game.
 B = Kills by you in this place as a percentage of kills by you in the entire game.
 C = Kills by friends in this place as a percentage of kills by friends in the entire game.
 D = Other kills in this place as a percentage of other kills in the entire game.
 E = Experience gained in this place as a percentage of experience gained in the entire game.
 F = Experience gained in this place divided by the number of levels of this place that you have seen.
                   A       B       C       D       E      F
               +-------+-------+-------+-------+-------+----------------------
         Total | 100.0 | 100.0 |   N/A |   N/A | 100.0 | 933.8
       Dungeon | 100.0 | 100.0 |   N/A |   N/A | 100.0 | 933.8
               +-------+-------+-------+-------+-------+----------------------

Table legend:
 A = Non-vault XP
 B = Vault XP
 C = Vault XP percentage of total XP
 D = Non-vault monster count
 E = Vault monster count
 F = Vault count percentage of total count
                 A         B        C        D         E       F
            +---------+---------+-------+---------+---------+-------
      Total |    5039 |    3365 |  40.0 |     174 |      37 |  17.5
            +---------+---------+-------+---------+---------+-------
        D:1 |      55 |       0 |   0.0 |      24 |       0 |   0.0
        D:2 |      64 |      20 |  23.8 |      26 |      10 |  27.8
        D:3 |     114 |       0 |   0.0 |      11 |       0 |   0.0
        D:4 |     459 |       0 |   0.0 |      20 |       0 |   0.0
        D:5 |    1018 |     507 |  33.2 |      22 |       4 |  15.4
        D:6 |     802 |       0 |   0.0 |      23 |       0 |   0.0
        D:7 |     976 |      95 |   8.9 |      19 |       3 |  13.6
        D:8 |    1327 |    1485 |  52.8 |      20 |      10 |  33.3
        D:9 |     224 |    1258 |  84.9 |       9 |      10 |  52.6
            +---------+---------+-------+---------+---------+-------
